 Dungeon Crawl Stone Soup version 0.29-a0-1065-g47a6bb87d6 (webtiles) character file.

Game seed: 13260272597135710691

5348 jfcaron the Covert (level 10, -2/76 HPs)
             Began as a Gnoll Enchanter on Aug 18, 2022.
             Slain by a manticore (9 damage)
             ... on level 8 of the Dungeon.
             The game lasted 00:30:22 (10228 turns).

jfcaron the Covert (Gnoll Enchanter)               Turns: 10228, Time: 00:30:23

Health: -2/76      AC: 16    Str:  9    XL:     10   Next: 65%
Magic:  19/21      EV: 12    Int: 20    God:
Gold:   178        SH:  8    Dex:  9    Spells: 10/24 levels left

rFire   . . .      SeeInvis .   L - +4 trident (protect)
rCold   + + .      Faith    .   y - +0 kite shield
rNeg    + + .      Spirit   .   b - +0 robe
rPois   +          Reflect  .   I - +0 helmet
rElec   .          Harm     .   k - +4 cloak of the Equinox {rC++ rN+ Int+2 Dex-3}
rCorr   .          Rampage  .   (no gloves)
Will    .....                   (no boots)
Stlth   ++++......              (no amulet)
HPRegen 0.22/turn               e - ring of positive energy
MPRegen 0.17/turn               N - ring of poison resistance

@: ice-armoured (expiring)
A: fangs 1, strong nose, distributed training
a: no special abilities


You were on level 8 of the Dungeon.
You visited 2 branches of the dungeon, and saw 9 of its levels.
You also visited: Ossuary.

You collected 399 gold pieces.
You spent 221 gold pieces at shops.

Inventory:

Hand Weapons
 a - a +2 dagger of draining
 g - a +0 sling
 i - a +0 war axe
 s - a +2 long sword of holy wrath
 x - a +0 rapier
 H - a +0 spear of venom
 J - a +2 trident of freezing
 L - a +4 trident of protection (weapon)
Missiles
 d - 50 stones
 v - 5 datura-tipped darts
 M - 2 throwing nets {!f}
Armour
 b - a +0 robe (worn)
 k - the +4 cloak of the Equinox (worn) {rC++ rN+ Int+2 Dex-3}
   (You found it on level 2 of the Dungeon)

   Int:       It affects your intelligence (+2).
   Dex:       It affects your dexterity (-3).
   rC:        It greatly protects you from cold.
   rN:        It protects you from negative energy.
 y - a +0 kite shield (worn)
 I - a +0 helmet (worn)
Jewellery
 e - a ring of positive energy (left hand)
 N - a ring of poison resistance (right hand)
Wands
 D - a wand of paralysis (16)
 F - a wand of iceblast (13)
Scrolls
 f - a scroll of summoning
 h - 2 scrolls of noise {unknown}
 j - a scroll of enchant weapon {unknown}
 n - a scroll of blinking {unknown}
 o - 2 scrolls of immolation
 p - 4 scrolls of magic mapping
 t - 5 scrolls of poison
 z - a scroll of fear {unknown}
 E - 2 scrolls of enchant armour
 G - a scroll of torment {unknown}
 K - a scroll of acquirement {unknown}
Potions
 c - 2 potions of invisibility
 l - 8 potions of curing
 m - a potion of mutation
 q - a potion of lignification
 r - 3 potions of attraction
 u - 5 potions of ambrosia
 w - 3 potions of flight
 A - a potion of might
 C - 3 potions of haste


   Skills:
 + Level 5.7 Fighting
 + Level 6.3 Short Blades
 + Level 5.7 Long Blades
 + Level 5.7 Axes
 + Level 5.7 Maces & Flails
 + Level 5.7 Polearms
 + Level 5.7 Staves
 + Level 5.7 Ranged Weapons
 + Level 5.7 Throwing
 + Level 5.7 Armour
 + Level 7.4 Dodging
 + Level 8.3 Stealth
 + Level 5.7 Shields
 + Level 5.7 Unarmed Combat
 + Level 7.6 Spellcasting
 + Level 4.7 Conjurations
 + Level 7.3 Hexes
 + Level 4.7 Summonings
 + Level 4.7 Necromancy
 + Level 4.7 Translocations
 + Level 4.7 Transmutations
 + Level 4.7 Fire Magic
 + Level 4.7 Ice Magic
 + Level 4.7 Air Magic
 + Level 4.7 Earth Magic
 + Level 4.7 Poison Magic
 + Level 6.2 Invocations
 + Level 5.7 Evocations


You had 10 spell levels left.
You knew the following spells:

 Your Spells              Type           Power      Damage    Failure   Level
a - Ensorcelled Hibernat  Hex/Ice        62%        N/A       3%          2
b - Tukima's Dance        Hex            37%        N/A       3%          3
c - Passwall              Tmut/Erth      21%        N/A       5%          2
d - Animate Dead          Necr           26%        N/A       34%         4
e - Ozocubu's Armour      Ice            26%        N/A       11%         3

Your spell library contained the following spells:

 Spells                   Type           Power      Damage    Failure   Level
 Sandblast                Erth           52%        2d12      3%          1
 Shock                    Conj/Air       100%       1d9       3%          1
 Confusing Touch          Hex            37%        N/A       3%          3
 Dazzling Flash           Conj/Hex       62%        N/A       6%          3
 Summon Guardian Golem    Hex/Summ       31%        N/A       6%          3
 Stone Arrow              Conj/Erth      52%        3d10      11%         3
 Swiftness                Air            26%        N/A       11%         3
 Airstrike                Air            13%        2d(2-18)  34%         4
 Silence                  Hex/Air        15%        N/A       50%         5
 Agony                    Necr           26%        N/A       67%         5
 Haunt                    Necr/Summ      13%        N/A       100%        7
 Orb of Destruction       Conj           13%        9d7       100%        7
 Ozocubu's Refrigeration  Ice            13%        4d10      100%        7
 Spellforged Servitor     Conj/Summ      13%        N/A       100%        7
 Infestation              Necr           13%        N/A       100%        8


Dungeon Overview and Level Annotations

Branches:
Dungeon (8/15)             Temple (1/1) D:4            Lair (0/5) D:8
Ossuary (visited)

Altars:
Ashenzari
Cheibriados
Elyvilon
Fedhas
Gozag
Hepliaklqana
Kikubaaqudgha
Makhleb
Nemelex Xobeh
Qazlal
Sif Muna
Trog
Uskayaw
Vehumet
Wu Jian
Xom
Yredelemnul
Zin
The Shining One

Shops:
D:2 !   D:6 !


Innate Abilities, Weirdness & Mutations

You have very sharp teeth.
Your uncanny sense of smell can sniff out nearby items.
Your experience applies equally to all skills.


Message History

The manticore bites you but does no damage.
The manticore claws you but does no damage.
The manticore barely misses you.
You puncture the manticore!
The manticore is heavily wounded.
The manticore bites you!
* * * LOW HITPOINT WARNING * * *
You block the manticore's attack. x2
You hit the manticore.
The manticore is heavily wounded.
You block the manticore's attack. x2
The manticore claws you but does no damage.
You completely miss the manticore.
The manticore is heavily wounded.
Your icy armour starts to melt.
You feel less wooden.
The +4 cloak of the Equinox {rC++ rN+ Int+2 Dex-3} unmelds from your body.
Your +0 helmet unmelds from your body.
Your +0 robe unmelds from your body.
The manticore barely misses you. The manticore claws you.
* * * LOW HITPOINT WARNING * * *
The manticore claws you but does no damage.
Casting: Ozocubu's Armour (dangerous; 11% risk of failure)
Confirm with . or Enter, or press ? or * to list all spells.
Aiming: Ensorcelled Hibernation (safe; 3% risk of failure)
Press: ? - help, Shift-Dir - straight line, f/p - manticore
Aim: a manticore (heavily wounded, chance to affect: 43%)
The manticore resists with some effort.
The manticore bites you!
* * * LOW HITPOINT WARNING * * *
You block the manticore's attack.
The manticore claws you but does no damage.
You feel better. You block the manticore's attack. The manticore claws you.
* * * LOW HITPOINT WARNING * * *
You block the manticore's attack.
Okay, then.
Unknown command.
Unknown command.
Aiming: Paralyse
Press: ? - help, Shift-Dir - straight line, f/p - manticore
Aim: a manticore (heavily wounded, chance to affect: 45%)
The manticore resists with some effort.
The manticore bites you!
You die...

## ..# #...#.....#
#..# ..##∆#.#.#.#.###
##..##..##.....#.# ..
..##.)##.#)#####.#
...##..##).#..# #.#
#..##..##.#.# #.#
###..##..##.# #.###
#..##..##.#.#####....
###.@##..##..........
###H#########.##### ∆
Y#∆ ###.....## ∆ c#
....###.## ∆ l. ∆
.##.#.#.## .# #
#.....).# ⌠#
##...##.) ..
#......)#.#
∆##.#.#.##.#


You could see a centaur warrior, a manticore, a basilisk and an ice beast.

Vanquished Creatures
  A two-headed ogre (D:8)
  An ugly thing (D:8)
  Prince Ribbit (D:7)
  A shadow (D:8)
  Eustachio (D:4)
  2 vampire mosquitoes (D:8)
  10 dancing weapons
  Edmund (D:5)
  A steam dragon (D:6)
  2 water moccasins
  Duvessa (D:5)
  A sky beast (D:7)
  An ice beast (D:5)
  2 ogres (D:5)
  A black bear (D:6)
  2 centaurs
  Blork the orc (D:5)
  2 phantoms
  5 bullfrogs
  10 scorpions
  2 necrophages
  3 gnoll sergeants
  3 water moccasin zombies (Ossuary)
  A wight (D:8)
  Dowan (D:5)
  A killer bee (D:5)
  2 howler monkeys
  4 hounds
  3 jellies
  3 orc priests
  Crazy Yiuf (D:6)
  A gnoll bouda (D:8)
  4 iguanas
  3 orc wizards
  2 mummies (Ossuary)
  10 gnolls
  3 adders
  A steam dragon zombie (D:6)
  A white imp (D:7)
  An ufetubus (D:5)
  8 adder zombies
  A jelly zombie (D:6)
  A worm (D:3)
  2 dart slugs
  26 orcs
  4 ball pythons
  10 endoplasms
  9 giant cockroaches
  4 gnoll zombies (Ossuary)
  2 goblins
  5 hobgoblins
  3 jackals (D:3)
  2 quokkas (D:5)
  2 bats (D:1)
  2 frilled lizards
  4 hobgoblin zombies (Ossuary)
  8 kobolds
  A kobold zombie (Ossuary)
  12 orc zombies
  2 rats
  A butterfly (D:5)
206 creatures vanquished.

Notes
Turn   | Place    | Note
-------+----------+-------------------------------------------
     0 | D:1      | jfcaron the Gnoll Enchanter began the quest for the Orb.
     0 | D:1      | Reached XP level 1. HP: 13/13 MP: 6/6
   333 | D:1      | Reached XP level 2. HP: 19/19 MP: 7/7
   600 | D:1      | Learned a level 2 spell: Ensorcelled Hibernation
  1172 | D:2      | Found Ezoheaw's Distillery.
  1182 | D:2      | Identified the +4 cloak of the Equinox {rC++ rN+ Int+2
                  | Dex-3}
  1211 | D:2      | Bought a potion of curing for 42 gold pieces
  1408 | D:2      | Reached skill level 5 in Spellcasting
  1408 | D:2      | Reached XP level 3. HP: 25/25 MP: 5/9
  1414 | D:2      | Learned a level 3 spell: Tukima's Dance
  1935 | D:3      | Reached skill level 6 in Stealth
  2104 | D:3      | Reached skill level 1 in Invocations
  2203 | D:3      | Found a faded altar of an unknown god.
  2292 | D:3      | Reached skill level 1 in Fighting
  2292 | D:3      | Reached skill level 1 in Long Blades
  2292 | D:3      | Reached skill level 1 in Axes
  2292 | D:3      | Reached skill level 1 in Maces & Flails
  2292 | D:3      | Reached skill level 1 in Polearms
  2292 | D:3      | Reached skill level 1 in Staves
  2292 | D:3      | Reached skill level 1 in Ranged Weapons
  2292 | D:3      | Reached skill level 1 in Throwing
  2292 | D:3      | Reached skill level 1 in Armour
  2292 | D:3      | Reached skill level 1 in Shields
  2292 | D:3      | Reached skill level 1 in Unarmed Combat
  2292 | D:3      | Reached skill level 1 in Evocations
  2666 | D:4      | Reached XP level 4. HP: 32/32 MP: 11/11
  2698 | D:4      | Noticed a scorpion
  2729 | D:4      | Killed a scorpion
  2730 | D:4      | Reached skill level 1 in Conjurations
  2730 | D:4      | Reached skill level 1 in Summonings
  2730 | D:4      | Reached skill level 1 in Necromancy
  2730 | D:4      | Reached skill level 1 in Translocations
  2730 | D:4      | Reached skill level 1 in Transmutations
  2730 | D:4      | Reached skill level 1 in Fire Magic
  2730 | D:4      | Reached skill level 1 in Ice Magic
  2730 | D:4      | Reached skill level 1 in Air Magic
  2730 | D:4      | Reached skill level 1 in Earth Magic
  2730 | D:4      | Reached skill level 1 in Poison Magic
  2730 | D:4      | Reached XP level 5. HP: 26/37 MP: 1/12
  2889 | D:4      | HP: 7/38 [poisoned by an adder]
  2890 | D:4      | Reached XP level 6. HP: 8/44 MP: 3/13
  3363 | D:4      | Reached skill level 5 in Dodging
  3518 | D:2      | Bought a potion of attraction for 42 gold pieces
  3518 | D:2      | Bought a potion of flight for 42 gold pieces
  3605 | D:4      | Learned a level 2 spell: Passwall
  3857 | D:4      | Found a staircase to the Ecumenical Temple.
  3866 | Temple   | Entered the Ecumenical Temple
  3866 | Temple   | Found a transporter.
  3866 | Temple   | Found a transporter.
  3868 | Temple   | Found a transporter.
  3868 | Temple   | Found a transporter.
  4148 | D:5      | Entered Level 5 of the Dungeon
  4150 | D:5      | Noticed Eustachio
  4410 | D:4      | Killed Eustachio
  4411 | D:4      | Reached XP level 7. HP: 23/51 MP: 6/15
  4869 | D:5      | Found a runed translucent door.
  4886 | D:5      | Found a runed translucent door.
  4937 | D:5      | Noticed Duvessa
  4937 | D:5      | Noticed Dowan
  4938 | D:5      | Noticed Blork the orc
  4966 | D:5      | Killed Duvessa
  4977 | D:5      | HP: 10/51 [Blork the orc/magic dart (1)]
  4978 | D:5      | Killed Blork the orc
  4982 | D:5      | Killed Dowan
  4983 | D:5      | Reached XP level 8. HP: 9/58 MP: 2/16
  5570 | D:5      | Reached skill level 7 in Stealth
  5583 | D:5      | Noticed Edmund
  5598 | D:5      | Killed Edmund
  6012 | D:2      | Bought a potion of might for 56 gold pieces
  6165 | D:6      | Found Pudaguok's Distillery.
  6168 | D:6      | Bought a potion of curing for 39 gold pieces
  6201 | D:6      | Found a sand-covered staircase.
  6210 | Ossuary  | Entered an ossuary
  6315 | Ossuary  | Reached XP level 9. HP: 63/65 MP: 18/18
  6851 | D:6      | Learned a level 4 spell: Animate Dead
  6902 | D:6      | Reached skill level 5 in Short Blades
  7605 | D:6      | Found a runed translucent door.
  7606 | D:6      | Noticed Crazy Yiuf
  7867 | D:6      | Killed Crazy Yiuf
  7963 | D:6      | Reached skill level 5 in Invocations
  8061 | D:7      | Learned a level 3 spell: Ozocubu's Armour
  8233 | D:7      | Noticed Prince Ribbit
  8238 | D:7      | Killed Prince Ribbit
  8445 | D:6      | Reached skill level 5 in Fighting
  8445 | D:6      | Reached skill level 5 in Long Blades
  8445 | D:6      | Reached skill level 5 in Axes
  8445 | D:6      | Reached skill level 5 in Maces & Flails
  8445 | D:6      | Reached skill level 5 in Polearms
  8445 | D:6      | Reached skill level 5 in Staves
  8445 | D:6      | Reached skill level 5 in Ranged Weapons
  8445 | D:6      | Reached skill level 5 in Throwing
  8445 | D:6      | Reached skill level 5 in Armour
  8445 | D:6      | Reached skill level 5 in Shields
  8445 | D:6      | Reached skill level 5 in Unarmed Combat
  8445 | D:6      | Reached skill level 5 in Evocations
  8447 | D:6      | Reached XP level 10. HP: 44/74 MP: 13/20
  9388 | D:5      | Reached skill level 8 in Stealth
  9601 | D:8      | Found a staircase to the Lair.
  9677 | D:8      | Noticed a white ugly thing
  9699 | D:8      | Killed a white ugly thing
  9836 | D:8      | Noticed a two-headed ogre
  9860 | D:8      | HP: 11/73 [two-headed ogre (6)]
  9861 | D:8      | Killed a two-headed ogre
 10184 | D:8      | Noticed a manticore
 10192 | D:8      | Noticed a centaur warrior
 10214 | D:8      | HP: 22/114 [shot self (8)]
 10214 | D:8      | HP: 10/114 [something (12)]
 10225 | D:8      | HP: 15/76 [manticore (2)]
 10226 | D:8      | HP: 3/76 [manticore (12)]
 10228 | D:8      | Slain by a manticore

Illustrated notes

Levels and vault maps discovered:
D:1:      lightli_arrival_maybe_door_vault, layout_loops_ring,
          minmay_misc_feat_diagonals, grunt_decor_resistance, minivault_11,
          minmay_pentomino_u2
D:2:      layout_loops_ring, serial_shops,
          nicolae_shop_competitors_out_of_business
D:3:      layout_loops_ring, ebering_ecumenical_altar_hall,
          minmay_parallelograms, patterned_corridor
D:4:      layout_basic, minmay_temple_entry_poolview, minivault_19
D:5:      lemuel_insect_pit, layout_loops_ring, uniq_eustachio, uniq_duvessa,
          uniq_edmund, uniq_blork_the_orc
D:6:      layout_gridville, nicolae_ossuary_entry_ruins,
          chequers_serial_rivers_micro_b, nicolae_stop_n_shop_1,
          uniq_crazy_yiuf_cottage
D:7:      layout_cave_pods, uniq_prince_ribbit1
D:8:      minmay_the_grid_plus [minmay_the_grid_stretched_grid,
          minmay_the_grid_small_cups, minmay_the_grid_outer_diamond,
          minmay_the_grid_x, minmay_the_grid_prize_trominoes], layout_basic,
          nicolae_overflow_crystal_walls, lair_entry_dummy
Temple:   hellmonk_temple_divided_pantheon

Skill      XL: |  1  2  3  4  5  6  7  8  9 10 |
---------------+-------------------------------+-----
Spellcasting   | 5 6 7 |  7.6
Stealth        | 6 7 8 |  8.3
Invocations    | 1 2 3 4 5 6 |  6.2
Fighting       | 1 2 3 5 |  5.7
Long Blades    | 1 2 3 5 |  5.7
Axes           | 1 2 3 5 |  5.7
Maces & Flails | 1 2 3 5 |  5.7
Polearms       | 1 2 3 5 |  5.7
Staves         | 1 2 3 5 |  5.7
Ranged Weapons | 1 2 3 5 |  5.7
Throwing       | 1 2 3 5 |  5.7
Armour         | 1 2 3 5 |  5.7
Shields        | 1 2 3 5 |  5.7
Unarmed Combat | 1 2 3 5 |  5.7
Evocations     | 1 2 3 5 |  5.7
Conjurations   | 1 2 3 4 |  4.7
Summonings     | 1 2 3 4 |  4.7
Necromancy     | 1 2 3 4 |  4.7
Translocations | 1 2 3 4 |  4.7
Transmutations | 1 2 3 4 |  4.7
Fire Magic     | 1 2 3 4 |  4.7
Ice Magic      | 1 2 3 4 |  4.7
Air Magic      | 1 2 3 4 |  4.7
Earth Magic    | 1 2 3 4 |  4.7
Poison Magic   | 1 2 3 4 |  4.7
Short Blades   | 3 4 5 6 |  6.3
Dodging        | 5 6 7 |  7.4
Hexes          | 6 7 |  7.3

Action                   |  1- 3 |  4- 6 |  7- 9 | 10-12 || total
-------------------------+-------+-------+-------+-------++-------
Melee: Dagger            |    80 |   125 |   189 |    50 ||   444
       Punch             |     2 |       |    14 |       ||    16
       Bite              |     7 |    11 |    33 |    19 ||    70
       Spear             |       |       |     7 |       ||     7
       Long sword        |       |       |   105 |    36 ||   141
       Dire flail        |       |       |    13 |       ||    13
       Trident           |       |       |       |    79 ||    79
Throw: Stone             |     6 |     1 |     3 |       ||    10
 Cast: Ensorcelled Hiber |    18 |    21 |    37 |     5 ||    81
       Tukima's Dance    |     1 |     8 |    17 |    10 ||    36
       Passwall          |       |     1 |       |       ||     1
       Ozocubu's Armour  |       |       |     1 |     1 ||     2
       Animate Dead      |       |       |     1 |       ||     1
Evoke: Wand              |       |       |       |     3 ||     3
  Use: Scroll            |     6 |     1 |     4 |     1 ||    12
       Potion            |       |     1 |     1 |     3 ||     5
 Stab: Sleeping          |    24 |    16 |    30 |     2 ||    72
       Distracted        |       |     1 |       |     1 ||     2
       Invisible         |       |       |     2 |       ||     2
       Paralysed         |       |       |       |     2 ||     2
Armor: Robe              |    13 |    64 |   131 |    48 ||   256
       Skin              |       |       |       |    12 ||    12
Dodge: Dodged            |    39 |    84 |   229 |    72 ||   424
Block: Kite shield       |       |       |    35 |    90 ||   125

Table legend: (Time is in decaauts)
 A = Elapsed time spent in this place.
 B = Non-inter-level travel time spent in this place.
 C = Inter-level travel time spent in this place.
 D = Time resting spent in this place.
 E = Time spent auto-exploring this place.
 F = Levels seen in this place.
 G = Mean time per level.
                   A        B        C        D        E       F      G
               +--------+--------+--------+--------+--------+-----+--------+
         Total |  10194 |   9337 |    857 |   1813 |   5640 |  10 | 1019.4 |
       Dungeon |   9746 |   8902 |    844 |   1744 |   5458 |   8 | 1218.2 |
        Temple |     40 |     27 |     13 |      0 |      6 |   1 |   40.0 |
       Ossuary |    407 |    407 |      0 |     69 |    176 |   1 |  407.0 |
               +--------+--------+--------+--------+--------+-----+--------+

Top non-repeatable levels by time:
     D:4: 1847 daAuts
     D:5: 1580 daAuts
     D:6: 1535 daAuts
     D:7: 1273 daAuts
     D:1: 1181 daAuts
     D:3: 875 daAuts
     D:2: 792 daAuts
     D:8: 660 daAuts
 Ossuary: 407 daAuts
  Temple: 40 daAuts
